 Dungeon Crawl Stone Soup version 0.28-a0-1435-g82390b3a13 (webtiles) character file.

Game seed: 9529783946679625030

38 Cheeritup the Caller (level 3, 0/24 HPs)
             Began as a Barachi Summoner on Jan 9, 2022.
             Slain by a quokka (2 damage)
             ... on level 1 of the Dungeon.
             The game lasted 00:04:59 (1754 turns).

Cheeritup the Caller (Barachi Summoner)             Turns: 1754, Time: 00:05:00

Health: 0/24       AC:  2    Str: 11    XL:     3   Next: 43%
Magic:  5/6        EV: 12    Int: 15    God:
Gold:   65         SH:  0    Dex: 12    Spells: 3/6 levels left

rFire   . . .      SeeInvis .   d - +0 glaive
rCold   . . .      Faith    .   (shield currently unavailable)
rNeg    . . .      Spirit   .   a - +0 robe
rPois   .          Reflect  .   (no helmet)
rElec   .          Harm     .   (no cloak)
rCorr   .          Rampage  .   (no gloves)
Will    .....                   (no boots)
Stlth   ++........              (no amulet)
HPRegen 0.08/turn               (no ring)
MPRegen 0.10/turn               (no ring)

@: unable to hop, slow
A: amphibious, slowness 1, strong legs 1, +LOS
a: Hop


You were on level 1 of the Dungeon.
You visited 1 branch of the dungeon, and saw 2 of its levels.

You collected 65 gold pieces.

Inventory:

Hand Weapons
 d - a +0 glaive (weapon)
 i - a +0 dagger of speed
Armour
 a - a +0 robe (worn)
Scrolls
 e - 2 scrolls of torment {unknown}
 g - a scroll of teleportation {unknown}
 h - a scroll of enchant weapon {unknown}
Potions
 b - 2 potions of curing {unknown}
 c - a potion of mutation {unknown}


   Skills:
 + Level 1.0 Polearms
 - Level 2.1 Dodging
 - Level 1.7 Stealth
 - Level 2.1 Spellcasting
 - Level 6.0 Summonings


You had 3 spell levels left.
You knew the following spells:

 Your Spells              Type           Power      Damage    Failure   Level
a - Summon Small Mammal   Summ           76%        N/A       1%          1
b - Call Imp              Summ           19%        N/A       2%          2

Your spell library contained the following spells:

 Spells                   Type           Power      Damage    Failure   Level
 Call Canine Familiar     Summ           19%        N/A       5%          3
 Summon Guardian Golem    Hex/Summ       10%        N/A       19%         3
 Summon Lightning Spire   Summ/Air       10%        N/A       54%         4


Dungeon Overview and Level Annotations

Branches:
Dungeon (2/15)

Altars:


Innate Abilities, Weirdness & Mutations

You are amphibious.
You cover ground slowly.
You can hop short distances.
You have an extended range of vision and can be seen from far away.


Message History

You closely miss the quokka. The quokka barely misses you.
The ball python closely misses you. The ball python grabs you.
The ball python constricts you. The quokka barely misses you.
The ball python bites you but does no damage.
The ball python constricts you.
You miss the quokka. The quokka bites you. The ball python bites you.
The ball python constricts you. The quokka barely misses you.
The ball python barely misses you. The ball python constricts you.
You closely miss the quokka. The quokka bites you.
The ball python barely misses you. The ball python constricts you.
The quokka closely misses you.
You hit the quokka.
The quokka is severely wounded.
The ball python bites you but does no damage.
The ball python constricts you. The quokka bites you.
The ball python misses you. The ball python constricts you.
The quokka bites you.
* * * LOW HITPOINT WARNING * * *
You closely miss the quokka.
The quokka is severely wounded.
The ball python bites you but does no damage.
The ball python constricts you. The quokka closely misses you.
The ball python bites you.
* * * LOW HITPOINT WARNING * * *
The ball python constricts you.
* * * LOW HITPOINT WARNING * * *
The quokka bites you but does no damage.
Casting: Summon Small Mammal (safe; 1% risk of failure)
Press: ? - help, Q - select action, (/) - cycle Dir - look around, f - activate The ball python closely misses you.
The ball python constricts you. The quokka barely misses you.
The ball python bites you.
* * * LOW HITPOINT WARNING * * *
The ball python constricts you.
Hop to where?
Press: ? - help, Dir - move target You escape the ball python's grasp.
Boing!
Your quokka bites the ball python.
The ball python dies!
You open the door. The quokka bites you.
You die...

#....##.##....#..##.#.........
#....##.#...........#.........
####....##.#..####..##.#.........
.............†####..##.######+#..
####.........r..............#.#..
#.##.##.#........##.####...#..
##................##.# ##..#..
#........#...r..#.##.# #..#..
#..#..##.#.###@##+##.#####..#..
###..#.....#.# #.................
#..........#.# #.......#..###....
.............# #........#.# #..#.
...........#####.##'###.#.# #..#.
.................##.###'#.###....
......................##...##....
......#.##.#####.######.....+##..
......#.##.# #.# ##.......###.


You could see a quokka (ally target) and a friendly quokka (summoned).

Vanquished Creatures
  A dart slug (D:1)
  2 ball pythons (D:1)
  An endoplasm (D:1)
  A giant cockroach (D:1)
  A goblin (D:1)
  2 quokkas (D:1)
  5 bats (D:1)
  2 frilled lizards (D:1)
  2 rats (D:1)
17 creatures vanquished.

Vanquished Creatures (collateral kills)
  A gnoll (D:1)
  A goblin (D:1)
  3 hobgoblins (D:1)
  2 kobolds (D:1)
  A ball python (D:1)
8 creatures vanquished.

Grand Total: 25 creatures vanquished

Notes
Turn   | Place    | Note
-------+----------+-------------------------------------------
     0 | D:1      | Cheeritup the Barachi Summoner began the quest for the Orb.
     0 | D:1      | Reached XP level 1. HP: 13/13 MP: 3/3
   208 | D:1      | Reached skill level 5 in Summonings
   258 | D:1      | Reached XP level 2. HP: 4/19 MP: 0/5
   800 | D:1      | Reached XP level 3. HP: 18/24 MP: 3/6
   807 | D:1      | Reached skill level 6 in Summonings
  1561 | D:1      | Learned a level 2 spell: Call Imp
  1564 | D:1      | Reached skill level 1 in Polearms
  1754 | D:1      | Slain by a quokka

Illustrated notes

Levels and vault maps discovered:
D:1:      lemuel_arrival_rhombus, layout_basic
D:2:      layout_rooms

Skill      XL: |  1  2  3 |
---------------+----------+-----
Summonings     | 5 6 |  6.0
Polearms       | 1 |  1.0
Dodging        | |  2.1
Stealth        | |  1.7
Spellcasting   | |  2.1

Action                   || total
-------------------------++-------
Melee: Unarmed           ||     3
       Dagger            ||     1
       Whip              ||    22
       Short sword       ||    13
       Glaive            ||    47
 Cast: Summon Small Mamm ||    26
       Call Imp          ||     1
 Abil: Hop               ||     4
 Stab: Sleeping          ||     1
Armor: Robe              ||    43
Dodge: Dodged            ||    99

Table legend: (Time is in decaauts)
 A = Elapsed time spent in this place.
 B = Non-inter-level travel time spent in this place.
 C = Inter-level travel time spent in this place.
 D = Time resting spent in this place.
 E = Time spent auto-exploring this place.
 F = Levels seen in this place.
 G = Mean time per level.
                   A        B        C        D        E       F      G
               +--------+--------+--------+--------+--------+-----+--------+
         Total |   1939 |   1885 |     54 |    668 |    743 |   2 |  969.5 |
       Dungeon |   1939 |   1885 |     54 |    668 |    743 |   2 |  969.5 |
               +--------+--------+--------+--------+--------+-----+--------+

Top non-repeatable levels by time:
     D:1: 1934 daAuts
     D:2: 4 daAuts
